 Dungeon Crawl Stone Soup version 0.27.1-3-gb3d3a73c9e (webtiles) character file.

Game seed: 12539651437596871999

144 TNOPE the Chopper (level 5, -9/42 HPs)
             Began as a Human Berserker on Oct 16, 2021.
             Was a Believer of Trog.
             Killed by divine providence
             ... invoked by an orc priest
              (14 damage)
             ... on level 3 of the Dungeon.
             The game lasted 00:31:24 (2597 turns).

TNOPE the Chopper (Human Berserker)                 Turns: 2597, Time: 00:31:25

Health: -9/42      AC:  9    Str: 19    XL:     5   Next: 52%
Magic:  5/5        EV:  8    Int:  7    God:    Trog [**....]
Gold:   86         SH:  0    Dex: 12    Spells: 4/4 levels left

rFire    . . .     SeeInvis .   a - +0 hand axe {Ball buster}
rCold    . . .     Faith    .   (no shield)
rNeg     . . .     Spirit   .   f - +0 chain mail
rPois    .         Reflect  .   (no helmet)
rElec    .         Harm     .   (no cloak)
rCorr    .         Rampage  .   (no gloves)
Will     ++...                  (no boots)
Stlth    ..........             (no amulet)
HPRegen  1.14/turn              (no ring)
MPRegen  0.09/turn              (no ring)

@: strong-willed, on berserk cooldown, regenerating, slowed, very slow
A: no striking features
a: Renounce Religion, Berserk, Trog's Hand


You were on level 3 of the Dungeon.
You worshipped Trog.
Trog was pleased with you.
You visited 1 branch of the dungeon, and saw 3 of its levels.

You collected 86 gold pieces.

Inventory:

Hand Weapons
 a - a +0 hand axe (weapon) {Ball buster}
 e - a +0 dagger
 h - a +0 hand axe
 i - a +0 flail {ball buster}
 j - a +0 spear
Armour
 b - a +0 animal skin
 f - a +0 chain mail (worn)
Scrolls
 g - 2 scrolls of identify {unknown}
 k - a scroll of fear {unknown}
 l - a scroll of noise {unknown}
 m - a scroll of teleportation {unknown}
Potions
 c - a potion of ambrosia {unknown}
 d - a potion of invisibility {unknown}


   Skills:
 + Level 4.1 Fighting
 + Level 4.1 Axes
 + Level 3.3 Armour
 - Level 2.1 Dodging


You had 4 spell levels left.
You didn't know any spells.
Your spell library was empty.

Dungeon Overview and Level Annotations

Branches:
Dungeon (3/15)

Altars:

Shops:
D:1 :


Message History

The orc is heavily wounded.
The orc barely misses you.
You slash the orc!
You kill the orc!
Trog accepts your kill.
You slash the ball python!
You kill the ball python!
Trog accepts your kill.
You slash the kobold!
You kill the kobold!
Trog accepts your kill.
The endoplasm hits you but does no damage.
Items here: )))) [[[ ††.
You hit the endoplasm but do no damage. The endoplasm freezes you.
You are frozen.
You slash the endoplasm!
You kill the endoplasm!
Trog accepts your kill.
The orc priest calls down the wrath of Beogh upon you.
Pain shoots through your body!
A goblin and an orc priest come into view.
The goblin shouts!
You hear a shout!
A hobgoblin comes into view.
The orc priest hits you with a +0 whip.
You hit the orc priest.
The orc priest is moderately wounded.
You are no longer berserk.
You are exhausted.
You feel yourself slow down.
The orc priest invokes the aid of Beogh against you.
Beogh smites you!
* * * LOW HITPOINT WARNING * * *
Items here: )))) [[[ ††.
Your skin crawls.
You feel strong-willed.
The orc priest hits you but does no damage.
The orc priest calls down the wrath of Beogh upon you.
Beogh smites you!
You die...

#..#####.#
#.....)..#
##.....####
#.......# ####
##.....## ...
##...(##### .g
##.......# .# .
#...###.###g##....
######...@oo...#
##.###.#### ###
... ####


You could see 2 orc priests and a goblin.

Vanquished Creatures
  A hound (D:2)
  4 gnolls (D:2)
  An adder (D:2)
  4 orcs (D:3)
  4 ball pythons
  An endoplasm (D:3)
  4 giant cockroaches (D:1)
  9 hobgoblins
  6 jackals
  6 kobolds
  2 quokkas
  5 bats (D:1)
  3 frilled lizards
  4 goblins
  5 rats
59 creatures vanquished.

Notes
Turn   | Place    | Note
-------+----------+-------------------------------------------
     0 | D:1      | TNOPE the Human Berserker began the quest for the Orb.
     0 | D:1      | Reached XP level 1. HP: 18/18 MP: 1/1
   316 | D:1      | Found Zaggah's Book Boutique.
   456 | D:1      | Reached XP level 2. HP: 24/24 MP: 2/2
   817 | D:1      | Reached XP level 3. HP: 29/29 MP: 3/3
  1500 | D:2      | Reached ** piety under Trog
  1747 | D:2      | Reached XP level 4. HP: 37/37 MP: 4/4
  1934 | D:2      | Reached XP level 5. HP: 30/42 MP: 5/5
  2597 | D:3      | Killed from afar by an orc priest

Illustrated notes

Levels and vault maps discovered:
D:1:      amcnicky_arrival_blooded_trapdoor, layout_basic, serial_shops, shop,
          chequers_arboretum
D:2:      layout_loops_ring, serial_aquarium, aquarium_bridge_straight
          [aquarium_subvault_bridge, aquarium_subvault_balcony,
          aquarium_subvault_bridge, aquarium_subvault_wall], aquarium_window_1,
          aquarium_window_fake, aquarium_window_corner, aquarium_window_1,
          aquarium_view_2g, aquarium_pool_split
D:3:      layout_loops_cross, kiku_gazebo_pond_becter

Skill      XL: |  1  2  3  4  5 |
---------------+----------------+-----
Armour         | 3 |  3.3
Fighting       | 4 |  4.1
Axes           | 4 |  4.1
Dodging        | |  2.1

Action                   |  1- 3 |  4- 6 || total
-------------------------+-------+-------++-------
Melee: Hand axe          |   141 |    76 ||   217
Invok: Berserk           |     3 |     1 ||     4
       Trog's Hand       |       |     1 ||     1
Armor: Animal skin       |    17 |       ||    17
       Chain mail        |    38 |    25 ||    63
Dodge: Dodged            |    71 |    29 ||   100
